 Dungeon Crawl Stone Soup version 0.29.1-15-g9cfb28693d (webtiles) character file.

Game seed: 6790835630573481063

628 Peloso the Covered (level 7, -1/61 HPs)
             Began as a Minotaur Fighter on Feb 25, 2023.
             Slain by a gnoll
             ... wielding a +0 halberd
              (9 damage)
             ... on level 5 of the Dungeon.
             The game lasted 00:06:45 (5071 turns).

Peloso the Covered (Minotaur Fighter)               Turns: 5071, Time: 00:06:46

Health: -1/61      AC: 11    Str: 21    XL:     7   Next: 23%
Magic:  3/6        EV: 10    Int:  5    God:
Gold:   185        SH:  4    Dex: 11    Spells: 6/6 levels left

rFire   + . .      SeeInvis .   a - +0 long sword
rCold   . . .      Faith    .   d - +0 buckler
rNeg    . . .      Spirit   .   b - +1 scale mail {rF+}
rPois   .          Reflect  .   (helmet restricted)
rElec   .          Harm     .   (no cloak)
rCorr   .          Rampage  .   k - +0 pair of gloves
Will    +....                   s - +0 pair of boots
Stlth   ..........              (no amulet)
HPRegen 0.20/turn               h - ring of willpower
MPRegen 0.10/turn               (no ring)

@: no status effects
A: horns 2, retaliatory headbutt
a: no special abilities


You were on level 5 of the Dungeon.
You visited 1 branch of the dungeon, and saw 5 of its levels.

You collected 185 gold pieces.

Inventory:

Hand Weapons
 a - a +0 long sword (weapon)
 c - the +7 sling "Impslayer" {freeze, Fly MP+9 Str+5}
   (You found it on level 3 of the Dungeon)

   Any ammunition fired from it freezes those it strikes, dealing additional
   cold damage.
   It can also slow down cold-blooded creatures.
   Str:       It affects your strength (+5).
   MP:        It affects your magic capacity (+9).
   Fly:       It grants you flight.
Missiles
 p - 6 stones (quivered)
Armour
 b - a +1 scale mail of fire resistance (worn)
 d - a +0 buckler (worn)
 k - a +0 pair of gloves (worn)
 s - a +0 pair of boots (worn)
Jewellery
 h - a ring of willpower (left hand)
Wands
 m - a wand of polymorph (4)
Scrolls
 e - a scroll of magic mapping
 f - 2 scrolls of immolation
 j - a scroll of teleportation {unknown}
 l - a scroll of enchant weapon {unknown}
Potions
 g - a potion of haste
 n - 4 potions of might
 o - a potion of attraction {unknown}
 q - a potion of flight {unknown}
 r - 2 potions of curing


   Skills:
 + Level 5.2 Fighting
 + Level 6.0 Long Blades
 + Level 6.6 Armour
 + Level 1.9 Dodging
 + Level 0.3 Stealth
 + Level 4.1 Shields


You had 6 spell levels left.
You didn't know any spells.
Your spell library contained the following spells:

 Spells                   Type           Power      Damage    Failure   Level
 Sting                    Tmut/Pois      0%         1d3       86%         1
 Poisonous Vapours        Pois/Air       0%         N/A       95%         2
 Ignite Poison            Fire/Tmut/Pois 0%         N/A       99%         3
 Mephitic Cloud           Conj/Pois/Air  0%         N/A       99%         3
 Olgreb's Toxic Radiance  Pois           0%         N/A       100%        4
 Freezing Cloud           Conj/Ice/Air   0%         6-21      100%        5


Dungeon Overview and Level Annotations

Branches:
Dungeon (5/15)
 Temple: D:4-7

Altars:

Shops:
D:4 !


Innate Abilities, Weirdness & Mutations

You have a pair of horns on your head.
You reflexively headbutt those who attack you in melee.


Message History

The gnoll hits you from afar with a +0 halberd!
You barely miss something. Something hits you but does no damage.
The gnoll hits you but does no damage.
You barely miss something. Your headbutt misses something. Something hits you.
The gnoll hits you but does no damage.
You miss something. Your headbutt misses something.
You hear some strange, mumbled words.
Something tries to affect you, but you resist.
The gnoll hits you from afar with a +0 halberd.
You hit something. The gnoll barely misses you.
Something hits you but does no damage. Something hits you.
The gnoll closely misses you.
You slash something! Something hits you but does no damage.
The gnoll hits you but does no damage.
You miss something. Your headbutt misses something.
An orc wizard appears from thin air!
Reactivating autopickup.
The orc wizard gestures at you while chanting.
The magic dart hits you. You block the gnoll's attack.
You hit the orc wizard but do no damage.
The orc wizard is almost dead.
The orc wizard barely misses you. You furiously retaliate!
You headbutt the orc wizard!
You kill the orc wizard!
The gnoll hits you from afar with a +0 halberd!
* * * LOW HITPOINT WARNING * * *
The gnoll hits you with a +0 halberd!
* * * LOW HITPOINT WARNING * * *
Things that are here:
a +0 dagger; a +0 robe You hit the gnoll.
The gnoll is lightly wounded.
The gnoll hits you but does no damage.
You barely miss the gnoll.
The gnoll is lightly wounded.
The gnoll barely misses you. You furiously retaliate!
You headbutt the gnoll! You closely miss the gnoll.
The gnoll is severely wounded.
The gnoll hits you with a +0 halberd!
You die...

.# .... .# .... .#
... .# .)# .# .. .#
)#
.#################.#
................@g.#
.################..#
.######### #..#
.......... #..#
..######## #... ..#
#.### ..# #.# ..#
#.. ..#


You could see a gnoll.

Vanquished Creatures
  An ice beast (D:4)
  A black bear (D:4)
  A howler monkey (D:3)
  A jelly (D:4)
  2 hounds
  An orc priest (D:5)
  2 iguanas
  2 orc wizards
  6 gnolls
  5 adders
  A worm (D:4)
  2 dart slugs
  8 orcs
  12 ball pythons
  6 bats
  7 endoplasms
  2 giant cockroaches
  8 goblins
  7 hobgoblins
  A jackal (D:4)
  4 quokkas
  A frilled lizard (D:1)
  3 kobolds (D:4)
  4 rats
88 creatures vanquished.

Notes
Turn   | Place    | Note
-------+----------+-------------------------------------------
     0 | D:1      | Peloso the Minotaur Fighter began the quest for the Orb.
     0 | D:1      | Reached XP level 1. HP: 19/19 MP: 0/0
   211 | D:1      | Reached XP level 2. HP: 25/27 MP: 1/1
  1186 | D:2      | Reached XP level 3. HP: 32/33 MP: 2/2
  1906 | D:3      | Found a faded altar of an unknown god.
  1987 | D:3      | Reached XP level 4. HP: 30/41 MP: 3/3
  2361 | D:3      | Identified the +7 sling "Impslayer" {freeze, Fly MP+9
                  | Str+5}
  2929 | D:3      | Reached XP level 5. HP: 46/47 MP: 4/4
  2947 | D:4      | Reached skill level 5 in Armour
  3142 | D:4      | Reached skill level 1 in Dodging
  3196 | D:4      | Found Agoqef's Distillery.
  3910 | D:4      | Reached XP level 6. HP: 53/53 MP: 5/5
  3924 | D:4      | Reached skill level 5 in Long Blades
  4189 | D:4      | Noticed an ice beast
  4200 | D:4      | Killed an ice beast
  4213 | D:4      | Reached skill level 5 in Fighting
  4738 | D:5      | Entered Level 5 of the Dungeon
  4812 | D:5      | Reached XP level 7. HP: 61/61 MP: 6/6
  5071 | D:5      | Slain by a gnoll

Illustrated notes

Levels and vault maps discovered:
D:1:      elethiomel_arrival_shortcut, layout_loops_corners,
          grunt_decor_mini_mirrors, minmay_misc_feat_iff,
          hangedman_abyss_or_decor_lesser_grid, minmay_misc_feat_tiny,
          minmay_misc_feat_encased
D:2:      layout_loops_ring
D:3:      layout_basic, shapermc_ecumenical_altar_gd, corexii_corridor_pit
D:4:      minmay_chambers_of_threes, layout_rooms, serial_shops, shop,
          serial_co_window_serial, co_window_of_opportunity_a,
          co_window_corner_a, co_window_paths_b, co_window_of_opportunity_a,
          co_window_cross_1, co_window_of_opportunity_c, co_window_2corner,
          co_window_corner_b, co_window_corner_ca, co_window_sun,
          co_window_paths_d, glass_columns_b, glass_columns_c, glass_columns_a
D:5:      layout_loops_ring, uniq_crazy_yiuf_cottage

Skill      XL: |  1  2  3  4  5  6  7 |
---------------+----------------------+-----
Fighting       | 4 5 |  5.2
Long Blades    | 3 4 5 6 |  6.0
Armour         | 4 5 6 |  6.6
Shields        | 4 |  4.1
Dodging        | 1 |  1.9
Stealth        | |  0.3

Action                   |  1- 3 |  4- 6 |  7- 9 || total
-------------------------+-------+-------+-------++-------
Melee: Long sword        |    75 |   120 |    32 ||   227
       Headbutt          |    13 |    23 |     3 ||    39
 Fire: Sling             |       |       |    10 ||    10
  Use: Potion            |     3 |       |     1 ||     4
       Scroll            |     3 |     1 |       ||     4
Armor: Scale mail        |    31 |    72 |    21 ||   124
Dodge: Dodged            |    45 |    85 |    20 ||   150
Block: Buckler           |    14 |     6 |     8 ||    28
